 Dungeon Crawl Stone Soup version 0.27.0-1-g7a089689b8 (webtiles) character file.

Game seed: 10289823161717504835

1501 mg7810 the Caller (level 8, 0/41 HPs)
             Began as a Deep Elf Summoner on Aug 12, 2021.
             Was a Believer of Nemelex Xobeh.
             Slain by ojifijod's ghost (15 damage)
             ... on level 6 of the Dungeon on Aug 13, 2021.
             The game lasted 00:48:35 (8347 turns).

mg7810 the Caller (Deep Elf Summoner)               Turns: 8347, Time: 00:48:35

Health: 0/41       AC:  3    Str: 12    XL:     8   Next: 52%
Magic:  7/21       EV: 13    Int: 22    God:    Nemelex Xobeh [**....]
Gold:   302        SH:  5    Dex: 15    Spells: 9/22 levels left

rFire    . . .     SeeInvis .   y - +2 hand axe (vorpal)
rCold    . . .     Faith    .   (no shield)
rNeg     . . .     Spirit   .   a - +0 robe
rPois    .         Reflect  +   (no helmet)
rElec    .         Harm     .   i - +0 cloak
rCorr    .         Rampage  .   (no gloves)
Will     .....                  (no boots)
Stlth    ++........             p - amulet of reflection
HPRegen  0.13/turn              q - +6 ring of strength
MPRegen  0.17/turn              (no ring)

@: no status effects
A: no striking features
a: Renounce Religion, Draw Escape, Draw Destruction, Draw Summoning


You were on level 6 of the Dungeon.
You worshipped Nemelex Xobeh.
Nemelex Xobeh was pleased with you.
You visited 1 branch of the dungeon, and saw 6 of its levels.

You collected 302 gold pieces.

Inventory:

Hand Weapons
 y - a +2 vorpal hand axe (weapon)
Missiles
 d - 2 throwing nets
 k - 37 poisoned darts
Armour
 a - a +0 robe (worn)
 i - a +0 cloak (worn)
Magical Staves
 u - a staff of poison
Jewellery
 p - an amulet of reflection (around neck)
 q - a +6 ring of strength (left hand)
Wands
 n - a wand of flame (25)
 w - a wand of acid (12)
 x - a wand of iceblast (12)
Scrolls
 b - 6 scrolls of teleportation
 e - 5 scrolls of enchant weapon
 f - a scroll of fear {unknown}
 g - a scroll of noise {unknown}
 h - a scroll of fog
 j - a scroll of immolation {unknown}
 l - 5 scrolls of identify {unknown}
 o - 2 scrolls of summoning {unknown}
 v - a scroll of silence {unknown}
Potions
 c - a potion of heal wounds {unknown}
 m - a potion of degeneration {unknown}
 r - a potion of brilliance {unknown}
 s - a potion of resistance {unknown}
 t - 3 potions of flight {unknown}
 z - a potion of mutation {unknown}
 A - a potion of magic {unknown}
 B - a potion of lignification {unknown}


   Skills:
 * Level 1.3 Axes
 + Level 1.3 Throwing
 + Level 2.7 Dodging
 + Level 3.4 Stealth
 + Level 1.1 Shields
 + Level 7.5 Spellcasting
 + Level 3.7 Hexes
 + Level 7.8 Summonings
 + Level 2.2 Air Magic
 + Level 3.2 Invocations
 + Level 2.9 Evocations


You had 9 spell levels left.
You knew the following spells:

 Your Spells              Type           Power      Damage    Failure   Level
a - Summon Small Mammal   Summ           100%       N/A       1%          1
b - Call Imp              Summ           42%        N/A       1%          2
c - Call Canine Familiar  Summ           42%        N/A       1%          3
d - Summon Guardian Gole  Hex/Summ       33%        N/A       2%          3
e - Summon Lightning Spi  Summ/Air       30%        N/A       10%         4

Your spell library contained the following spells:

 Spells                   Type           Power      Damage    Failure   Level
 Pain                     Necr           32%        1d5       8%          1
 Swiftness                Air            18%        N/A       10%         3
 Portal Projectile        Hex/Tloc       32%        N/A       11%         3
 Blink                    Tloc           N/A        N/A       12%         2
 Passwall                 Tmut/Erth      6%         N/A       12%         2
 Sublimation of Blood     Necr           4%         N/A       12%         2
 Lesser Beckoning         Tloc           4%         N/A       24%         3
 Leda's Liquefaction      Hex/Erth       8%         N/A       36%         4
 Petrify                  Tmut/Erth      8%         N/A       61%         4
 Agony                    Necr           8%         N/A       91%         5
 Excruciating Wounds      Necr           4%         N/A       91%         5
 Irradiate                Conj/Tmut      4%         3d15      91%         5
 Manifold Assault         Tloc           8%         N/A       91%         5
 Invisibility             Hex            12%        N/A       95%         6


Dungeon Overview and Level Annotations

Branches:
Dungeon (6/15)             Temple (0/1) D:5

Altars:
Nemelex Xobeh
Qazlal
Sif Muna
Vehumet
Yredelemnul

Shops:
D:6 *

Annotations:
D:6 exclusion: statue, PBDoughboyy's ghost, novice GnWr; ojifijod's ghost, novice GrFi; ystael's ghost, novice MiFi


Message History

Ystael's ghost hits your guardian golem!
Ystael's ghost freezes your guardian golem.
Your guardian golem explodes!
The fiery explosion engulfs ystael's ghost!!
The fiery explosion engulfs you!!
Ouch! That really hurt!
Your crimson imp blinks!
Ystael's ghost is engulfed in blazing flames.
Your crimson imp blinks!
Ystael's ghost is engulfed in blazing flames.
Casting: Call Imp (safe; 1% risk of failure)
Confirm with . or Enter, or press ? or * to list all spells.
A guardian golem appears, shielding your allies.
Ojifijod's ghost is engulfed in blazing flames.
Ystael's ghost is engulfed in blazing flames.
PBDoughboyy's ghost hits your guardian golem but does no damage.
Casting: Summon Guardian Golem (dangerous; 2% risk of failure)
Confirm with . or Enter, or press ? or * to list all spells.
Your lightning spire disappears in a puff of smoke!
Ystael's ghost hits your crimson imp but does no damage.
Your crimson imp misses PBDoughboyy's ghost.
Your wolf closely misses PBDoughboyy's ghost.
Ystael's ghost hits your crimson imp.
Ystael's ghost freezes your crimson imp.
PBDoughboyy's ghost hits your wolf but does no damage.
Your crimson imp blinks!
Your wolf barely misses PBDoughboyy's ghost.
Ojifijod's ghost crushes a nearby insect and laughs.
PBDoughboyy's ghost mumbles some strange words.
PBDoughboyy's ghost blinks!
Your wolf bites ojifijod's ghost but does no damage.
Ojifijod's ghost hits your wolf!
Your wolf bites ojifijod's ghost but does no damage.
Your wolf bites ojifijod's ghost but does no damage.
Ystael's ghost hits your wolf! Ystael's ghost freezes your wolf.
There are monsters nearby!
Ystael's ghost hits your guardian golem!
Ojifijod's ghost hits you!
You die...
Your body glows slightly and disappears.

#.#####...#.####
....####..#....#
.#......).##...#
.#.......###..##
.........#.....#
..##..........##
..#......####.#####
..........#...#...######
.......).......(@......#
.[......#.......W.####.##
#####...###..h...#####..####
?♣⌠♣#....#...8..####.......#
....#....##.W#....##.##.##.#
....#§§W..#.##[5.....#...#.#
....'.§##.W.###......#...#.#
....'......###.......#...#.#
....'......####......#._.#.#


You could see PBDoughboyy's ghost (ally target), ojifijod's ghost, ystael's
ghost, a friendly guardian golem (summoned), a friendly wolf (summoned,
sheltered) and a friendly crimson imp (summoned, sheltered).

Vanquished Creatures
  A nameless horror (D:5)
  A bullfrog (D:6)
2 creatures vanquished.

Vanquished Creatures (collateral kills)
  Sigmund (D:3)
  An ice beast (D:5)
  2 sky beasts (D:5)
  A necrophage (D:5)
  5 ogres
  A bullfrog (D:6)
  4 scorpions
  A water moccasin zombie (D:5)
  2 water moccasin skeletons
  A howler monkey (D:6)
  A centaur zombie (D:5)
  2 bullfrog zombies (D:5)
  A jelly (D:6)
  A gnoll shaman (D:6)
  3 hounds
  An orc priest (D:5)
  2 bullfrog skeletons (D:5)
  Jessica (D:3)
  3 iguanas (D:5)
  Natasha (twice) (D:3)
  4 orc wizards (D:6)
  A hound skeleton (D:2)
  5 adders
  9 gnolls
  2 ufetubi
  A worm (D:2)
  16 orcs
  6 ball pythons
  5 bats
  An endoplasm (D:4)
  4 giant cockroaches
  3 goblins
  5 hobgoblins
  6 jackals (D:2)
  4 quokkas
  5 frilled lizards (D:1)
  A kobold (D:2)
  3 rats
117 creatures vanquished.

Vanquished Creatures (others)
  Grinder (D:4)
  A sky beast (D:5)
  An ogre (D:6)
  A bullfrog zombie (D:6)
  An iguana (D:5)
  3 gnolls
8 creatures vanquished.

Grand Total: 127 creatures vanquished

Notes
Turn   | Place    | Note
-------+----------+-------------------------------------------
     0 | D:1      | mg7810 the Deep Elf Summoner began the quest for the Orb.
     0 | D:1      | Reached XP level 1. HP: 10/10 MP: 6/6
   770 | D:1      | Reached XP level 2. HP: 15/15 MP: 5/8
   798 | D:1      | Learned a level 2 spell: Call Imp
  1173 | D:2      | Reached skill level 5 in Summonings
  1427 | D:2      | Reached XP level 3. HP: 19/19 MP: 9/9
  1431 | D:2      | Learned a level 3 spell: Call Canine Familiar
  2193 | D:3      | Found a stormy altar of Qazlal.
  2411 | D:3      | Noticed Sigmund
  2472 | D:3      | Killed Sigmund
  2473 | D:3      | Reached skill level 1 in Throwing
  2473 | D:3      | Reached XP level 4. HP: 8/24 MP: 0/12
  2478 | D:3      | Learned a level 3 spell: Summon Guardian Golem
  2767 | D:3      | Noticed Natasha
  2785 | D:3      | Killed Natasha
  2838 | D:3      | Noticed Jessica
  2852 | D:3      | Killed Jessica
  2853 | D:3      | Reached skill level 1 in Hexes
  2945 | D:3      | Noticed Natasha
  2977 | D:3      | Killed Natasha
  2978 | D:3      | Reached XP level 5. HP: 22/28 MP: 3/13
  3385 | D:4      | Found a sparkling altar of Nemelex Xobeh.
  3395 | D:4      | Noticed an ogre
  3419 | D:4      | Killed an ogre
  3425 | D:4      | Learned a level 4 spell: Summon Lightning Spire
  3640 | D:4      | Became a worshipper of Nemelex Xobeh the Trickster
  3682 | D:4      | Noticed Grinder
  3695 | D:4      | Paralysed by Grinder for 4 turns
  3707 | D:4      | Killed Grinder
  3708 | D:4      | Reached skill level 5 in Spellcasting
  3708 | D:4      | Reached skill level 1 in Air Magic
  3708 | D:4      | Reached skill level 1 in Evocations
  3708 | D:4      | Reached XP level 6. HP: 32/32 MP: 6/15
  3971 | D:4      | Reached skill level 1 in Invocations
  4660 | D:5      | Entered Level 5 of the Dungeon
  4688 | D:5      | Reached * piety under Nemelex Xobeh
  5000 | D:5      | Noticed a sky beast
  5034 | D:5      | Killed a sky beast
  5127 | D:5      | Reached XP level 7. HP: 32/36 MP: 13/17
  5838 | D:5      | Found a staircase to the Ecumenical Temple.
  5838 | D:5      | Received a gift from Nemelex Xobeh
  5871 | D:5      | Found a basalt altar of Yredelemnul.
  6003 | D:5      | Noticed a nameless horror
  6043 | D:5      | Killed a nameless horror
  6736 | D:6      | Reached XP level 8. HP: 33/41 MP: 10/20
  7279 | D:6      | Found Lytumm's General Store.
  7315 | D:6      | Reached ** piety under Nemelex Xobeh
  7377 | D:6      | Found a shimmering blue altar of Sif Muna.
  7749 | D:6      | Reached skill level 1 in Shields
  8061 | D:6      | Found a radiant altar of Vehumet.
  8108 | D:6      | Found a runed translucent gate.
  8108 | D:6      | Found a runed translucent gate.
  8109 | D:6      | Noticed PBDoughboyy's ghost (novice GnWr)
  8110 | D:6      | Found a runed translucent gate.
  8112 | D:6      | Noticed ojifijod's ghost (novice GrFi)
  8113 | D:6      | Noticed ystael's ghost (novice MiFi)
  8252 | D:6      | Reached skill level 1 in Axes
  8347 | D:6      | Slain by ojifijod's ghost

Illustrated notes

Levels and vault maps discovered:
D:1:      dpeg_arrival_lava_altar, layout_loops_corners, corexii_corridor_pit
D:2:      layout_basic, chequers_hall_statues_corner_a
D:3:      layout_loops_ring, nicolae_qazlal_eye_of_the_storm,
          due_unseen_surprise, uniq_natasha, uniq_jessica, uniq_sigmund
D:4:      layout_gridville, mainiacjoe_overflow_paths, uniq_grinder
D:5:      layout_basic, yredelemnul_altar_generic,
          minmay_temple_entry_proselytizer, minmay_quadrilaterals
D:6:      layout_cave_pools, vehumet_statue, nicolae_sif_muna_condensation,
          gammafunk_ghost_cemetery, serial_shops, kennysheep_mini

Skill      XL: |  1  2  3  4  5  6  7  8 |
---------------+-------------------------+-----
Summonings     | 5 6 7 |  7.8
Throwing       | 1 |  1.3
Spellcasting   | 4 5 6 7 |  7.5
Hexes          | 1 2 3 |  3.7
Stealth        | 3 |  3.4
Air Magic      | 1 2 |  2.2
Evocations     | 1 2 |  2.9
Invocations    | 1 2 3 |  3.2
Shields        | 1 |  1.1
Axes           | 1 |  1.3
Dodging        | |  2.7

Action                   |  1- 3 |  4- 6 |  7- 9 || total
-------------------------+-------+-------+-------++-------
 Cast: Summon Small Mamm |    19 |       |       ||    19
       Call Imp          |    19 |    14 |     6 ||    39
       Call Canine Famil |     8 |    20 |    21 ||    49
       Summon Guardian G |       |     7 |    25 ||    32
       Summon Lightning  |       |       |    13 ||    13
Invok: Draw Destruction  |       |       |     3 ||     3
       Draw Summoning    |       |       |     1 ||     1
       Draw Escape       |       |       |     1 ||     1
Evoke: Wand              |       |       |     3 ||     3
  Use: Scroll            |     1 |     2 |       ||     3
       Potion            |       |     1 |     1 ||     2
Armor: Robe              |     3 |     5 |     2 ||    10
Dodge: Dodged            |    16 |    22 |    18 ||    56
Block: Other             |       |     7 |     7 ||    14
